 Seeded DCSS version 0.29-a0-553-g81b289dbe5 (webtiles) character file.

Game seed: 5197682552777129174 (custom seed)

4 happo123 the Sneak (level 1, 0/10 HPs)
             Began as a Kobold Enchanter on June 6, 2022.
             Frozen to death by an endoplasm (5 damage)
             ... on level 1 of the Dungeon.
             The game lasted 00:00:50 (609 turns).

happo123 the Sneak (Kobold Enchanter)                Turns: 609, Time: 00:00:51

Health: 0/10       AC:  2    Str:  5    XL:     1   Next: 77%
Magic:  3/3        EV: 15    Int: 16    God:
Gold:   36         SH:  0    Dex: 15    Spells: 4/4 levels left

rFire   . . .      SeeInvis .   a - +1 dagger
rCold   . . .      Faith    .   g - orb {guile}
rNeg    . . .      Spirit   .   b - +0 robe
rPois   .          Reflect  .   (no helmet)
rElec   .          Harm     .   (no cloak)
rCorr   .          Rampage  .   (no gloves)
Will    .....                   (no boots)
Stlth   ++++......              h - amulet of magic regeneration
HPRegen 0.03/turn               (no ring)
MPRegen 0.48/turn               (no ring)

@: no status effects
A: small, no large weapons, nightstalker 3
a: no special abilities


You were on level 1 of the Dungeon.
You visited 1 branch of the dungeon, and saw 1 of its levels.

You collected 36 gold pieces.

Inventory:

Hand Weapons
 a - a +1 dagger (weapon)
Armour
 b - a +0 robe (worn)
 g - an orb of guile (worn)
Jewellery
 h - an amulet of magic regeneration (around neck)
Scrolls
 d - 2 scrolls of teleportation {unknown}
 f - a scroll of identify {unknown}
Potions
 c - 2 potions of invisibility
 e - a potion of flight {unknown}


   Skills:
 + Level 0.2 Fighting
 + Level 1.4 Short Blades
 + Level 2.4 Dodging
 + Level 4.1 Stealth
 + Level 2.2 Spellcasting
 * Level 3.0 Hexes


You had 4 spell levels left.
You didn't know any spells.
Your spell library contained the following spells:

 Spells                   Type           Power      Damage    Failure   Level
 Ensorcelled Hibernation  Hex/Ice        12%        N/A       16%         2
 Confusing Touch          Hex            11%        N/A       17%         3
 Tukima's Dance           Hex            11%        N/A       17%         3
 Dazzling Flash           Conj/Hex       12%        N/A       32%         3


Dungeon Overview and Level Annotations

Branches:
Dungeon (1/15)

Altars:


Innate Abilities, Weirdness & Mutations

You are small and have problems with some larger weapons.
You are completely attuned to the shadows.


Message History

You kill the giant cockroach!
You now have 25 gold pieces (gained 7).
HP restored.
You now have 36 gold pieces (gained 11).
Found 21 stones.
h - an amulet of magic regeneration You start putting on your amulet.
You continue putting on your amulet of magic regeneration. x5
You finish putting on your amulet of magic regeneration.
h - an amulet of magic regeneration (around neck)
A rat comes into view.
You enter the shallow water.
Moving in this stuff is going to be slow.
The rat closely misses you. x2
You closely miss the rat. The rat barely misses you.
You hit the rat but do no damage. The rat misses you.
You hit the rat.
You kill the rat!
You see here a rat corpse.
You open the door.
There is an open door here.
Found 10 stones.
An endoplasm comes into view.
Found 12 gold pieces.
The endoplasm quivers.
You barely miss the endoplasm. You hit the endoplasm.
The endoplasm is lightly wounded.
The endoplasm freezes you.
You are frozen.
Ouch! That really hurt!
You hit the endoplasm.
The endoplasm is severely wounded.
The endoplasm misses you.
You hit the endoplasm but do no damage.
The endoplasm is severely wounded.
The endoplasm freezes you.
You are frozen.
Ouch! That really hurt!
You die...

.............#....#.#.##.........
......####........#.# #.........
......# #....... #.........
......####.##..# .....
..#......#........... .....
.........# ....$.... ####....
.........# ..(....!.. #.....≈.
.........# .....J.... #.....≈.
.....#### .....@...# #....(.≈
..#### .........## #....... ###
............ #....†..
####'######.###.......
#.....................
#######.##.##.#.......
####.##.##.######## #..........#
####.#######


You could see an endoplasm.

Vanquished Creatures
  A giant cockroach (D:1)
  A quokka (D:1)
  A frilled lizard (D:1)
  2 rats (D:1)
5 creatures vanquished.

Notes
Turn   | Place    | Note
-------+----------+-------------------------------------------
     0 | D:1      | happo123 the Kobold Enchanter began the quest for the Orb.
     0 | D:1      | Reached XP level 1. HP: 10/10 MP: 3/3
   609 | D:1      | Frozen to death by an endoplasm

Illustrated notes

Levels and vault maps discovered:
D:1:      dpeg_arrival_oval, layout_basic, chequers_serial_rivers_micro_c

Action                   || total
-------------------------++-------
Melee: Dagger            ||    25
 Stab: Sleeping          ||     2
Armor: Robe              ||     2
Dodge: Dodged            ||    15

Table legend: (Time is in decaauts)
 A = Elapsed time spent in this place.
 B = Non-inter-level travel time spent in this place.
 C = Inter-level travel time spent in this place.
 D = Time resting spent in this place.
 E = Time spent auto-exploring this place.
 F = Levels seen in this place.
 G = Mean time per level.
                   A        B        C        D        E       F      G
               +--------+--------+--------+--------+--------+-----+--------+
         Total |    607 |    590 |     17 |      0 |    521 |   1 |  607.0 |
       Dungeon |    607 |    590 |     17 |      0 |    521 |   1 |  607.0 |
               +--------+--------+--------+--------+--------+-----+--------+

Top non-repeatable levels by time:
     D:1: 607 daAuts
